 Dungeon Crawl Stone Soup version 0.23.2-33-g5129a83184 (webtiles) character file.

Game seed: 1851543093441209165

2260 DildoBatman the Tainter (level 9, -10/57 HPs)
             Began as a Formicid Wizard on July 15, 2019.
             Mangled by Prince Ribbit (16 damage)
             ... on level 8 of the Dungeon.
             The game lasted 00:38:13 (9840 turns).

DildoBatman the Tainter (Formicid Wizard)           Turns: 9840, Time: 00:38:14

Health: -10/57     AC:  5    Str: 12    XL:     9   Next: 64%
Magic:  10/14      EV: 12    Int: 21    God:
Gold:   378        SH:  0    Dex:  9    Spells: 7/14 levels left

rFire    . . .     SeeInvis +   a - +3 spear
rCold    . . .     Gourm    .   (no shield)
rNeg     + . .     Faith    .   p - +1 robe of Pride {*Slow rPois rN+ MR+}
rPois    +         Spirit   .   (helmet unavailable)
rElec    .         Reflect  .   L - +0 cloak
rCorr    +         Harm     .   z - +0 pair of gloves
MR       +....                  (no boots)
Stlth    +++.......             m - amulet of magic regeneration
HPRegen  0.19/turn              f - ring of resist corrosion
MPRegen  0.39/turn              (no ring)

@: no status effects
A: permanent stasis, dig shafts and tunnels, four strong arms, antennae 3
a: Dig, Shaft Self


You were on level 8 of the Dungeon.
You were not hungry.

You visited 2 branches of the dungeon, and saw 9 of its levels.
You also visited: Sewer.

You collected 378 gold pieces.

Inventory:

Hand Weapons
 a - a +3 spear (weapon)
Missiles
 e - 177 stones (quivered)
 g - 44 poisoned needles
 n - 119 arrows
 A - 34 bolts
 J - 5 tomahawks
Armour
 p - the +1 robe of Pride (worn) {*Slow rPois rN+ MR+}
   (You found it on level 4 of the Dungeon)

   It protects you from poison.
   It protects you from negative energy.
   It affects your resistance to hostile enchantments.
   It may slow you when you take damage.
 z - a +0 pair of gloves (worn)
 C - a +2 leather armour of poison resistance
 L - a +0 cloak (worn)
Magical Staves
 H - an uncursed staff of cold
Jewellery
 f - a ring of resist corrosion (left hand)
 m - an amulet of magic regeneration (around neck)
 o - an uncursed amulet of the acrobat
 y - an uncursed ring of ice
 I - an uncursed ring of ice
 N - a cursed amulet of inaccuracy {unknown}
Wands
 h - a wand of disintegration (9)
Scrolls
 d - a scroll of fog {unknown}
 i - 2 scrolls of immolation {unknown}
 l - 3 scrolls of enchant weapon
 s - 2 scrolls of noise {unknown}
 t - 2 scrolls of amnesia {unknown}
 w - 2 scrolls of magic mapping {unknown}
 x - a scroll of remove curse
 D - 4 scrolls of identify
 E - a scroll of enchant armour {unknown}
 F - a scroll of blinking {unknown}
 K - a scroll of random uselessness {unknown}
Potions
 b - a potion of degeneration {unknown}
 c - 4 potions of curing
 j - 6 potions of heal wounds
 k - 4 potions of might
 q - 2 potions of ambrosia {unknown}
 r - 2 potions of invisibility {unknown}
 u - 2 potions of brilliance {unknown}
 B - 2 potions of haste {unknown}
 G - a potion of magic
Comestibles
 v - 12 rations


   Skills:
 - Level 1.7 Dodging
 - Level 6.1 Stealth
 * Level 3.4 Spellcasting
 - Level 6.0 Conjurations
   Level 1.0 Summonings
   Level 0.8 Translocations
 - Level 4.0 Fire Magic
 - Level 4.0 Air Magic
 - Level 8.2 Poison Magic


You had 7 spell levels left.
You knew the following spells:

 Your Spells              Type           Power        Failure   Level  Hunger
a - Conjure Flame         Conj/Fire      ###.....     4%          3    ###....
c - Magic Dart            Conj           ####         1%          1    None
e - Mephitic Cloud        Conj/Pois/Air  ####....     3%          3    ###....

Your spell library contained the following spells:

 Spells                   Type           Power        Failure   Level  Hunger
 Searing Ray              Conj           ####..       1%          2    ##.....
 Dazzling Spray           Conj/Hex       ###...       11%         3    ###....
 Iskenderun's Mystic Bla  Conj           ####....     11%         4    ####...
 Call Imp                 Summ           #.......     13%         2    ##.....
 Slow                     Hex            #.......     19%         2    ##.....
 Force Lance              Conj/Tloc      ###.....     30%         4    ####...
 Fulminant Prism          Conj/Hex       ###.......   36%         4    ####...
 Blink                    Tloc           Unusable     N/A         2    N/A

Dungeon Overview and Level Annotations

Branches:
Dungeon (8/15)             Temple (1/1) D:5            Lair (0/6) D:8

Altars:
Ashenzari
Cheibriados
Dithmenos
Elyvilon
Fedhas
Gozag
Hepliaklqana
Makhleb
Nemelex Xobeh
Okawaru
Qazlal
Ru
Sif Muna
Trog
Uskayaw
Vehumet
Wu Jian
Xom
Yredelemnul
Zin
The Shining One

Annotations:
D:2 Jessica
D:3 exclusions: 2 orcs, orc priest and 3 sensed monsters (detected)
D:4 exclusion: 4 sensed monsters (detected), Dowan, Duvessa
D:5 exclusions: iguana, phantom and 1 more exclusion
D:7 exclusions: centaur and quasit
D:8 1 runed translucent door, exclusions: hound, hungry ghost and 1 more exclusion, Erica; PeSeC's ghost, novice MiFi; Prince Ribbit


Innate Abilities, Weirdness & Mutations

You cannot be hasted, slowed, berserked, paralysed or teleported.
You can dig through walls and to a lower floor.
Your four strong arms can wield two-handed weapons with a shield.
You have a pair of large antennae on your head. (SInv)


Message History

Prince Ribbit hits you!
Attack whom?
Press: ? - help, Dir - move target cursor, f/p - Prince Ribbit
Aim: Prince Ribbit (moderately wounded, confused)
You reach to attack!
You barely miss Prince Ribbit.
Prince Ribbit is moderately wounded.
You hit Prince Ribbit but do no damage.
Prince Ribbit is moderately wounded.
Prince Ribbit is engulfed in noxious fumes.
Prince Ribbit appears confused.
You barely miss Prince Ribbit.
Prince Ribbit is heavily wounded.
Prince Ribbit hits you.
You extend your mandibles.
You dig through the rock wall.
You retract your mandibles.
Your magical contamination has completely faded away.
Prince Ribbit hits you!
You die...

#....... #..# ##....# ..#...
#..####....## . ###
#..........# ..###......## #
####....### #### #.
##.###..#####..# # ##. #..#
##...#...## # #..# #.##
###...##.## # ##?...######@#
##..####.## .####..##...##.F.#
#..## ##.# #.##..####)...#.##
#..# ##. #...............##
##..# #.
...........†.....#####...# #.
..##...............##....## #.
.###.......#..............##
#. ##
##....###...#####)......#####.
# #....##..### #..F..........


You could see Prince Ribbit (confused).

Vanquished Creatures
  A hippogriff (D:8)
  A soldier ant (D:5)
  2 black bears (D:8)
  3 ogres
  A phantom (D:8)
  2 centaurs
  3 bullfrogs
  A water moccasin skeleton (D:5)
  A scorpion (D:6)
  7 killer bees
  4 wights (D:8)
  A howler monkey (D:6)
  A bullfrog zombie (D:5)
  A quasit (D:8)
  4 hounds
  An orc priest (D:5)
  A bullfrog skeleton (D:4)
  3 orc wizards (D:6)
  8 river rats (Sewer)
  6 adders
  2 shadow imps
  An adder skeleton (D:4)
  A worm (D:2)
  2 dart slugs
  6 leopard geckos
  11 orcs
  7 ball pythons
  5 giant cockroaches
  8 goblins
  9 hobgoblins
  7 jackals
  A quokka (D:5)
  5 bats
  7 frilled lizards
  12 kobolds
  A leopard gecko skeleton (D:7)
  A leopard gecko zombie (D:8)
  A quokka skeleton (D:4)
  21 rats
160 creatures vanquished.

Vanquished Creatures (others)
  8 plants (D:8)
8 creatures vanquished.

Grand Total: 168 creatures vanquished

Notes
Turn   | Place    | Note
-------+----------+-------------------------------------------
     0 | D:1      | DildoBatman the Formicid Wizard began the quest for the
                  | Orb.
     0 | D:1      | Reached XP level 1. HP: 13/13 MP: 4/4
    10 | D:1      | Reached skill level 1 in Conjurations
   221 | D:1      | Reached XP level 2. HP: 19/19 MP: 0/6
   730 | D:1      | Reached XP level 3. HP: 24/24 MP: 5/7
   735 | D:1      | Learned a level 3 spell: Conjure Flame
   739 | D:1      | Learned a level 3 spell: Mephitic Cloud
  1687 | D:2      | Reached XP level 4. HP: 28/30 MP: 3/8
  1819 | D:2      | Noticed Jessica
  2216 | D:3      | Found a basalt altar of Yredelemnul.
  2216 | D:3      | Found a blossoming altar of Fedhas.
  4084 | D:4      | Reached XP level 5. HP: 35/35 MP: 4/9
  4087 | D:4      | Got a heavy robe
  4107 | D:4      | Identified the +1 robe of Pride {*Slow rPois rN+ MR+} (You
                  | found it on level 4 of the Dungeon)
  4266 | D:4      | Found a sparkling altar of Nemelex Xobeh.
  4266 | D:4      | Found a faded altar of an unknown god.
  4266 | D:4      | Noticed Dowan
  4680 | D:4      | Noticed Duvessa
  4768 | D:4      | Found a sacrificial altar of Ru.
  4770 | D:4      | Found a faded altar of an unknown god.
  4771 | D:4      | Found a radiant altar of Vehumet.
  4871 | D:5      | Entered Level 5 of the Dungeon
  4875 | D:5      | Reached skill level 5 in Stealth
  4894 | D:5      | Found a staircase to the Ecumenical Temple.
  4903 | Temple   | Entered the Ecumenical Temple
  5130 | D:5      | Reached XP level 6. HP: 36/41 MP: 7/10
  5273 | D:5      | Found a glowing drain.
  5294 | Sewer    | Entered a sewer
  5408 | Sewer    | Reached skill level 1 in Poison Magic
  6346 | D:5      | Reached skill level 1 in Air Magic
  6432 | D:5      | Noticed an ogre
  6465 | D:5      | Killed an ogre
  6465 | D:5      | Reached skill level 2 in Poison Magic
  6465 | D:5      | Reached XP level 7. HP: 46/46 MP: 4/11
  6665 | D:5      | Noticed a soldier ant
  6722 | D:5      | Reached skill level 1 in Fire Magic
  6738 | D:5      | Killed a soldier ant
  6795 | D:5      | Reached skill level 3 in Poison Magic
  6812 | D:5      | Reached XP level 8. HP: 24/52 MP: 0/12
  7158 | D:6      | Reached skill level 5 in Conjurations
  7291 | D:6      | Reached skill level 4 in Poison Magic
  8975 | D:8      | Reached skill level 5 in Poison Magic
  8998 | D:8      | Noticed PeSeC's ghost (novice MiFi)
  9000 | D:8      | Found a runed translucent door.
  9116 | D:8      | Found a staircase to the Lair.
  9117 | D:8      | Noticed a komodo dragon
  9202 | D:8      | Reached XP level 9. HP: 56/57 MP: 5/13
  9436 | D:8      | Noticed Erica
  9476 | D:8      | Noticed Prince Ribbit
  9479 | D:8      | Found an ornate altar of the Wu Jian Council.
  9479 | D:8      | Noticed a hippogriff
  9498 | D:8      | Reached skill level 6 in Poison Magic
  9528 | D:8      | Killed a hippogriff
  9528 | D:8      | Reached skill level 7 in Poison Magic
  9719 | D:8      | Reached skill level 8 in Poison Magic
  9840 | D:8      | Mangled by Prince Ribbit

Skill      XL: |  1  2  3  4  5  6  7  8  9 |
---------------+----------------------------+-----
Conjurations   | 1 2 3 4 5 6 |  6.0
Stealth        | 3 4 5 6 |  6.1
Poison Magic   | 2 3 5 8 |  8.2
Air Magic      | 1 3 4 |  4.0
Fire Magic     | 1 3 4 |  4.0
Dodging        | |  1.7
Spellcasting   | |  3.4
Summonings     | |  1.0
Translocations | |  0.8

Action                   |  1- 3 |  4- 6 |  7- 9 || total
-------------------------+-------+-------+-------++-------
Melee: Dagger            |    15 |   106 |    39 ||   160
       Spear             |       |       |    33 ||    33
Throw: Stone             |       |       |     2 ||     2
       Tomahawk          |       |       |     5 ||     5
 Cast: Magic Dart        |    74 |   190 |   186 ||   450
       Mephitic Cloud    |       |    12 |    21 ||    33
       Conjure Flame     |       |     5 |    11 ||    16
 Abil: Dig               |       |    20 |     5 ||    25
  Use: Scroll            |       |     5 |       ||     5
       Potion            |       |     5 |       ||     5
 Stab: Sleeping          |     3 |     2 |       ||     5
       Confused          |       |     5 |     7 ||    12
       Distracted        |       |     1 |       ||     1
  Eat: Chunk             |     2 |    19 |    12 ||    33
       Ration            |       |     2 |     1 ||     3
Armor: Robe              |       |    19 |    15 ||    34
Dodge: Dodged            |    10 |   101 |    63 ||   174
